 Dungeon Crawl Stone Soup version 0.31-a0-574-g69dc8cc98e (webtiles) character file.

Game seed: 7671095444714933497

1655126 motkurizz the Slayer (level 27, 231/231 HPs)
             Began as a Merfolk Shapeshifter on Aug 18, 2023.
             Was a High Priest of Okawaru.
             Escaped with the Orb
             ... and 3 runes!
             The game lasted 04:14:06 (70340 turns).

motkurizz the Slayer (Merfolk Shapeshifter)        Turns: 70340, Time: 04:14:07

Health: 231/231    AC: 24    Str: 24    XL:     27
Magic:  35/35      EV: 38    Int: 15    God:    Okawaru [*****.]
Gold:   5231       SH: 36    Dex: 39    Spells: 42/42 levels left

rFire   + + +        a - +9 quick blade (freeze)
rCold   + + +        Y - +7 tower shield
rNeg    + + +        m - +3 fire dragon scales of the Stained God {rF++ rC- Str+3 Dex+4}
rPois   ∞            r - +0 hat of Fun and Games {rElec Str+4}
rElec   +            d - scarf of Gun Vaph {repulsion, Rampage rElec}
rCorr   .            C - +2 pair of gloves of Resilience {rF+ SInv}
SInv    +            S - +2 pair of boots {rampage}
Will    ++++.        U - amulet "Teroj" {RegenMP Will+ Int+4}
Stlth   +            y - ring "Limu" {rElec rC+++ Dex+6 Stlth-}
HPRegen 0.58/turn    B - ring "Sament" {*Corrode rN+ Dex+6 Slay+5}
MPRegen 0.64/turn

%: corrode self (3%), repel missiles, rampage
@: death-form, studying 2 skills
A: vile attack, torment immunity, no potions, (nimble swimmer 2), mertail
0: Orb of Zot
}: 3/15 runes: barnacled, silver, gossamer
a: Siphon Essence, Begin Untransformation, Renounce Religion, Heroism, Finesse,
Duel


You escaped.
You worshipped Okawaru.
Okawaru was extremely pleased with you.
You were an undying horror.
You visited 10 branches of the dungeon, and saw 48 of its levels.
You visited 1 bazaar.
You also visited: Trove and Gauntlet.

You collected 8860 gold pieces.
You spent 3629 gold pieces at shops.

Inventory:

Hand Weapons
 a - a +9 quick blade of freezing (weapon)
 b - a +8 quick blade of electrocution
 n - the +8 Vampire's Tooth {megavamp}
   (You found it on level 5 of the Vaults)
Armour
 d - the scarf of Gun Vaph (worn) {repulsion, Rampage rElec}
   (Okawaru gifted it to you on level 3 of the Vaults)

   rElec:     It insulates you from electricity.
   Rampage:   It bestows one free step when moving towards enemies.
 m - the +3 fire dragon scales of the Stained God (worn) {rF++ rC- Str+3 Dex+4}
   (Okawaru gifted it to you on level 11 of the Dungeon)

   Str+3:     It affects your strength (+3).
   Dex+4:     It affects your dexterity (+4).
   rF++:      It greatly protects you from fire.
   rC-:       It makes you vulnerable to cold.
 r - the +0 hat of Fun and Games (worn) {rElec Str+4}
   (Okawaru gifted it to you on level 2 of the Shoals)

   Str+4:     It affects your strength (+4).
   rElec:     It insulates you from electricity.
 v - the +4 cloak of the Farrier {Will+ Dex+3}
   (You found it on level 3 of the Depths)

   Dex+3:     It affects your dexterity (+3).
   Will+:     It increases your willpower.
 C - the +2 pair of gloves of Resilience (worn) {rF+ SInv}
   (Okawaru gifted it to you on level 1 of the Depths)

   rF+:       It protects you from fire.
   SInv:      It lets you see invisible.
 Q - a +2 kite shield of reflection
 S - a +2 pair of boots of rampaging (worn)
 Y - a +7 tower shield (worn)
 Z - the +2 faerie dragon scales {rF+ rCorr Str+3}
   (You took it off the Enchantress on level 4 of the Depths)

   Str+3:     It affects your strength (+3).
   rF+:       It protects you from fire.
   rCorr:     It protects you from acid and corrosion.
Jewellery
 g - the ring of Lius {rF+ rN+ Str+7 Int-4 Dex+3}
   (You found it in a treasure trove)

   [ring of protection from fire]

   Str+7:     It affects your strength (+7).
   Int-4:     It affects your intelligence (-4).
   Dex+3:     It affects your dexterity (+3).
   rF+:       It protects you from fire.
   rN+:       It protects you from negative energy.
 l - the ring of Xykh {rPois rF+ Int-3 SInv}
   (You took it off a deep elf high priest on level 5 of the Vaults)

   [ring of see invisible]

   Int-3:     It affects your intelligence (-3).
   rF+:       It protects you from fire.
   rPois:     It protects you from poison SInv: It lets you see invisible.
 y - the ring "Limu" (left hand) {rElec rC+++ Dex+6 Stlth-}
   (You found it in a treasure trove)

   [ring of dexterity]

   Dex+6:     It affects your dexterity (+6).
   rC+++:     It renders you almost immune to cold.
   rElec:     It insulates you from electricity.
   Stlth-:    It makes you less stealthy.
 B - the ring "Sament" (right hand) {*Corrode rN+ Dex+6 Slay+5}
   (You found it on level 4 of the Shoals)

   [ring of dexterity]

   Dex+6:     It affects your dexterity (+6).
   Slay+5:    It affects your accuracy & damage with ranged weapons and melee
   (+5).
   rN+:       It protects you from negative energy.
   *Corrode:  It may corrode you when you take damage.
 N - the ring "Wah Asao" {rC+ Will+}
   (You took it off a gnoll on level 15 of the Dungeon)

   [ring of willpower]

   rC+:       It protects you from cold.
   Will+:     It increases your willpower.
 U - the amulet "Teroj" (around neck) {RegenMP Will+ Int+4}
   (You found it in a Gauntlet)

   [amulet of magic regeneration]

   RegenMP:   It increases your rate of magic regeneration.
   Int+4:     It affects your intelligence (+4).
   Will+:     It increases your willpower.
 V - the ring of Fyisuo Ytze {rPois rN+ Dex+6}
   (You found it in a treasure trove)

   [ring of dexterity]

   Dex+6:     It affects your dexterity (+6).
   rPois:     It protects you from poison rN+: It protects you from negative
   energy.
Talismans
 f - a granite talisman
 w - a talisman of death (active)
Wands
 c - a wand of iceblast (47)
 i - a wand of paralysis (14)
 p - a wand of acid (32)
 u - a wand of digging (37)
 L - a wand of flame (2)
Scrolls
 e - 9 scrolls of fog
 j - 7 scrolls of silence
 k - 12 scrolls of teleportation
 D - 9 scrolls of blinking
 E - a scroll of torment
 K - 7 scrolls of immolation
 R - 13 scrolls of poison
 W - a scroll of fear
Potions
 h - 11 potions of mutation
 o - 10 potions of curing
 q - 12 potions of heal wounds
 t - 5 potions of cancellation
 x - 9 potions of enlightenment
 z - 3 potions of berserk rage
 F - 3 potions of lignification
 G - 3 potions of invisibility
 H - 5 potions of magic
 I - 7 potions of brilliance
 M - 10 potions of haste
 O - 4 potions of attraction
 P - 3 potions of resistance
 T - 6 potions of ambrosia
 X - 4 potions of might
Miscellaneous
 s - a phial of floods
 J - a tin of tremorstones (inert)


   Skills:
 - Level 22.0 Fighting
 + Level 19.4 Short Blades
 * Level 15.7 Armour
 - Level 22.0 Dodging
 - Level 8.6 Stealth
 + Level 21.9 Shields
 - Level 17.0 Unarmed Combat
 - Level 8.0 Spellcasting
 - Level 15.0 Invocations
 - Level 5.0 Evocations
 - Level 21.0 Shapeshifting


You had 42 spell levels left.
You didn't know any spells.
Your spell library contained the following spells:

 Spells                   Type           Power      Damage    Failure   Level
 Apportation              Tloc           12%        N/A       36%         1
 Foxfire                  Conj/Fire      24%        2x1d5     36%         1
 Freeze                   Ice            24%        1d4       36%         1
 Magic Dart               Conj           24%        1d4       36%         1
 Necrotise                Necr           24%        1d5       36%         1
 Shock                    Conj/Air       24%        1d4       36%         1
 Sting                    Tmut/Pois      24%        1d4       36%         1
 Blink                    Tloc           12%        N/A       50%         2
 Ensorcelled Hibernation  Hex/Ice        12%        N/A       50%         2
 Lesser Beckoning         Tloc           12%        N/A       50%         2
 Momentum Strike          Conj/Tloc      12%        3d8       50%         2
 Searing Ray              Conj           12%        2d4       50%         2
 Static Discharge         Conj/Air       12%        2-3/arc   50%         2
 Sublimation of Blood     Necr           6%         N/A       50%         2
 Wereblood                Tmut           6%         N/A       50%         2
 Dazzling Flash           Conj/Hex       12%        N/A       73%         3
 Frozen Ramparts          Ice            12%        1d2       73%         3
 Gell's Gravitas          Tloc           6%         N/A       73%         3
 Hailstorm                Conj/Ice       6%         3d4       73%         3
 Inner Flame              Hex/Fire       6%         N/A       73%         3
 Ozocubu's Armour         Ice            6%         N/A       73%         3
 Portal Projectile        Hex/Tloc       12%        N/A       73%         3
 Swiftness                Air            6%         N/A       73%         3
 Teleport Other           Tloc           6%         N/A       73%         3
 Volatile Blastmotes      Fire/Tloc      12%        2d11      73%         3
 Airstrike                Air            3%         2d(1-17)  98%         4
 Anguish                  Hex/Necr       3%         N/A       98%         4
 Cause Fear               Hex            3%         N/A       98%         4
 Flame Wave               Conj/Fire      6%         2d5       98%         4
 Fulminant Prism          Conj/Hex       3%         3d5       98%         4
 Iskenderun's Mystic Bla  Conj/Tloc      6%         2d4       98%         4
 Manifold Assault         Tloc           6%         N/A       98%         4
 Olgreb's Toxic Radiance  Pois           6%         N/A       98%         4
 Passage of Golubria      Tloc           6%         N/A       98%         4
 Petrify                  Tmut/Erth      6%         N/A       98%         4
 Sticky Flame             Conj/Fire      6%         2d3       98%         4
 Alistair's Intoxication  Tmut/Pois      4%         N/A       100%        5
 Fireball                 Conj/Fire      3%         3d4       100%        5
 Irradiate                Conj/Tmut      3%         3d12      100%        5
 Metabolic Englaciation   Hex/Ice        3%         N/A       100%        5
 Yara's Violent Unravell  Hex/Tmut       3%         3d4       100%        5
 Conjure Ball Lightning   Conj/Air       3%         3x3d6     100%        6
 Dispersal                Tloc           3%         N/A       100%        6
 Eringya's Noxious Bog    Tmut/Pois      3%         4d6       100%        6
 Plasma Beam              Fire/Air       3%         2x1d13    100%        6
 Starburst                Conj/Fire      3%         6d3       100%        6
 Enfeeble                 Hex            3%         N/A       100%        7
 Disjunction              Tloc           3%         N/A       100%        8
 Maxwell's Capacitive Co  Air            3%         ∞         100%        8
 Chain Lightning          Conj/Air       3%         3d4       100%        9
 Death's Door             Necr           3%         N/A       100%        9
 Fire Storm               Conj/Fire      3%         8d1       100%        9
 Shatter                  Erth           3%         3d7*      100%        9
 Summon Small Mammal      Summ           Unusable   N/A       N/A         1
 Tukima's Dance           Hex            Unusable   N/A       N/A         3
 Summon Ice Beast         Ice/Summ       Unusable   N/A       N/A         4
 Summon Lightning Spire   Summ/Air       Unusable   N/A       N/A         4
 Simulacrum               Ice/Necr       Unusable   N/A       N/A         6
 Dragon's Call            Summ           Unusable   N/A       N/A         9

Dungeon Overview and Level Annotations

Branches:
Dungeon (15/15)            Temple (1/1) D:6            Lair (5/5) D:10
 Shoals (4/4) Lair:3       Spider (4/4) Lair:3        Slime (0/5) Lair:4
    Orc (2/2) D:9             Elf (3/3) Orc:2        Vaults (5/5) D:13
  Crypt (0/3) Vaults:2     Depths (4/4) D:15            Zot (5/5) Depths:4
Gauntlet (visited)

Altars:
Ashenzari
Cheibriados
Dithmenos
Elyvilon
Fedhas
Gozag
Hepliaklqana
Kikubaaqudgha
Makhleb
Nemelex Xobeh
Okawaru
Qazlal
Ru
Sif Muna
Trog
Uskayaw
Vehumet
Wu Jian
Xom
Yredelemnul
Zin
The Shining One
Jiyva

Shops:
D:3 (   D:6 (   D:7 ?:([   D:14 [   Orc:2 ?*:[   Elf:1 ?:   Elf:3 *
Shoals:2 (

Portals:
Hell: Depths:1 Depths:2 Depths:3 Depths:4
Abyss: Depths:2 Depths:3
Pandemonium: Depths:2 Depths:4
Ziggurat: Depths:3

Annotations:
D:1 exclusion: downstairs
D:5 exclusion: downstairs
D:7 exclusion: downstairs
D:8 exclusion: downstairs
D:10 exclusion: 2 downstairs
Lair:1 exclusion: downstairs
Zot:2 2 transporters


Innate Abilities, Weirdness & Mutations

You are an undying horror.
Your melee and unarmed attacks drain, slow and weaken victims.
You are immune to unholy pain and torment.
You cannot drink.
You are immune to poison.
((You are very nimble when in or above water. (Stealth+, EV+, Speed+++)))
Your lower body shifts to a powerful aquatic tail in water.


Message History

You freeze the Orb Guardian. You hit the Orb Guardian.
The Orb Guardian decays.
You freeze the Orb Guardian.
The Orb Guardian is heavily wounded.
You closely miss the Orb Guardian. You miss the Orb Guardian.
The Orb Guardian is heavily wounded.
You block the Orb Guardian's attack.
You hit the Orb Guardian but do no damage. x2
The Orb Guardian is heavily wounded.
You hit the Orb Guardian.
The Orb Guardian decays.
You freeze the Orb Guardian.
You hit the Orb Guardian but do no damage.
The Orb Guardian is heavily wounded.
You block the Orb Guardian's attack.
You hit the Orb Guardian.
The Orb Guardian decays.
You freeze the Orb Guardian. You hit the Orb Guardian.
The Orb Guardian decays.
You freeze the Orb Guardian.
The Orb Guardian is severely wounded.
You hit the Orb Guardian.
The Orb Guardian decays.
You freeze the Orb Guardian. You hit the Orb Guardian.
The Orb Guardian decays.
You freeze the Orb Guardian.
The Orb Guardian is almost dead.
You block the Orb Guardian's attack.
You miss the Orb Guardian. You puncture the Orb Guardian!
You freeze the Orb Guardian.
You kill the Orb Guardian!
Okawaru accepts your kill.
No target in view!
You climb upwards.
Level annotation: exclusion: downstairs
There is a stone staircase leading down here.
A chaos spawn comes into view.
A chaos spawn is nearby!
Aiming: Dig
Press: ? - help, Shift-Dir - straight line A rock wall.
This square is covered in magical glow.
The rock shatters into small pieces.
Your legs become a tail as you enter the water.
Your +2 pair of boots of rampaging melds into your body.
Your +2 pair of boots of rampaging unmelds from your body.
You feel ready to rampage towards enemies.
There is a staircase leading out of the dungeon here.
You have escaped!

####.....# #.......##..
#.....#####.####......
#.....##....#####.#...
#.........#.......##..
##.########.#########. #########
#.# ##♣~≈≈.#.........
........#####.###..♣≈≈≈#.########
...[...........###..♣♣♣#.#......#
...............#z......'.........
P♣.............###..♣♣♣####......
P.....).†......##>.♣~~≈# #......
..P............###♣~≈~#####.#....
♣P..#.#.....##.# ######..#......
P...#.#.######.# #..#####.#
......#.# #.# #..# #.# ...#..#.#
#.# #..# #.# .####.#.# #.#
#..#####.#


There were no monsters in sight!

Vanquished Creatures
  2 dread liches (Zot:5)
  4 ancient liches
  2 orbs of fire (Zot:5)
  Saint Roka (Vaults:5)
  9 Killer Klowns (Zot:5)
  4 curse toes
  A bone dragon (Depths:4)
  7 golden dragons
  the Enchantress (Depths:4)
  A Tzitzimitl (Depths:1)
  3 doom hounds (Depths:4)
  2 electric golems (Zot:5)
  A walking crystal tome (Depths:3)
  A hellephant (D:15)
  9 liches
  2 Hell Sentinels
  An iron giant (Zot:2)
  28 Orb Guardians
  Mlioglotl (Shoals:1)
  3 deep elf blademasters
  26 tentacled monstrosities
  Grunn (Depths:4)
  10 titans
  The ghost of Wimmiopn the Phalangite, an adept MfGl of Kikubaaqudgha (Depths:3)
  7 quicksilver dragons
  A deep elf master archer (Elf:3)
  4 acid blobs (Depths:1)
  9 death cobs
  10 sphinxes
  Gastronok (Lair:1)
  Polyphemus (Shoals:2)
  Frances (D:12)
  7 shadow dragons
  21 storm dragons
  4 tengu reavers
  11 draconian monks
  4 rockslimes (Depths:1)
  Aizul (Shoals:4)
  Donald (Spider:1)
  3 azure jellies (Depths:1)
  6 deep elf sorcerers
  12 fire giants
  4 draconian scorchers
  8 frost giants
  3 iron dragons
  17 vault wardens
  7 emperor scorpions
  5 draconian knights
  6 ghost moths
  5 deep elf elementalists (Elf:3)
  Louise (Shoals:1)
  An angel (D:15)
  4 orc warlords
  A curse skull (Vaults:2)
  4 spriggan defenders
  8 draconian stormcallers
  4 broodmothers
  23 ironbound preservers
  4 cacodemons
  8 draconian annihilators
  6 draconian shifters
  4 war gargoyles
  8 green draconians
  2 formless jellyfish
  4 ironbound thunderhulks
  20 very ugly things
  8 deep elf annihilators
  12 stone giants
  11 deep elf demonologists
  16 black draconians
  4 vampire knights
  A minotaur (Gauntlet)
  6 purple draconians
  10 red draconians
  9 yellow draconians
  6 spark wasps
  14 dire elephants
  16 white draconians
  2 eidola (Vaults:4)
  15 ettins
  A blizzard demon (Gauntlet)
  4 deep elf death magi (Elf:3)
  A merfolk javelineer (Shoals:3)
  A crystal guardian (Vaults:2)
  3 merfolk impalers
  2 jiangshi (Depths:2)
  3 entropy weavers
  10 fire dragons
  A green death (Zot:4)
  Fannar (Lair:1)
  6 great orbs of eyes
  36 vault guards
  8 deep elf high priests
  9 yaktaur captains
  3 hydras
  A rakshasa (D:14)
  11 ice dragons
  4 ogre magi
  10 ironbound frosthearts
  2 merfolk avatars
  2 peacekeepers
  5 catoblepae
  3 radroaches (Spider:4)
  2 alligator snapping turtles
  A spriggan air mage (Depths:4)
  9 centaur warriors
  5 boulder beetles
  4 hell hogs (D:14)
  6 merfolk aquamancers
  9 tengu warriors
  9 two-headed ogres
  A two-headed ogre (shapeshifter) (Depths:3)
  An alligator (shapeshifter) (Depths:3)
  4 orc high priests
  24 dancing weapons
  12 satyrs (Shoals:4)
  10 deep troll earth magi
  5 deep troll shamans
  2 vampire magi (Depths:2)
  23 death yaks
  3 hell knights
  A spriggan berserker (Depths:2)
  13 deep elf knights
  7 demonic crawlers
  A shock serpent (shapeshifter) (Vaults:4)
  2 sixfirhies
  3 skeletal warriors
  A soul eater (Depths:4)
  4 skysharks
  An iron troll (Depths:4)
  4 pharaoh ants
  4 sun moths
  A swamp dragon (shapeshifter) (Vaults:5)
  47 deep trolls
  6 orb spiders
  9 sea snakes
  An orb spider (shapeshifter) (Vaults:5)
  A glowing orange brain (shapeshifter) (Vaults:5)
  A flayed ghost (Vaults:3)
  2 obsidian statues (Zot:5)
  18 deep elf archers
  11 orc knights
  A necromancer (D:15)
  9 lindwurms
  9 phantasmal warriors
  A swamp dragon (Vaults:3)
  2 steelbarb worms (Spider:2)
  15 wizards
  8 glowing orange brains
  20 deep elf pyromancers
  18 ironbound convokers
  55 ugly things
  26 deep elf zephyrmancers
  13 harpies
  A mana viper (shapeshifter) (Vaults:3)
  17 wolf spiders
  5 orc sorcerers
  6 cyclopes
  2 moths of wrath (shapeshifter)
  22 manticores
  17 fauns
  2 elephants (shapeshifter)
  10 black mambas
  23 moths of wrath
  2 water nymphs (shapeshifter)
  25 vault sentinels
  17 elephants
  3 merfolk sirens
  8 water nymphs
  A guardian serpent (Vaults:3)
  8 cane toads
  2 smoke demons
  A centaur skeleton (D:15)
  A gargoyle (D:11)
  11 torpor snails
  Joseph (Lair:1)
  A rime drake (Lair:4)
  4 orange demons
  An unseen horror (shapeshifter) (Depths:3)
  9 komodo dragons
  A rime drake (shapeshifter) (Depths:3)
  3 kobold demonologists (D:9)
  2 hellions
  2 freezing wraiths
  30 yaktaurs
  7 tengu conjurers
  An efreet (D:14)
  An ice devil (Gauntlet)
  7 trolls
  A burning bush (Lair:5)
  9 wind drakes
  A merfolk (shapeshifter) (Depths:4)
  A queen bee (Gauntlet)
  26 tarantellas
  3 hellwings (Zot:4)
  7 meliai
  15 merfolk
  Grinder (D:6)
  A polar bear (Lair:5)
  A wolf spider simulacrum (D:15)
  2 dream sheep (shapeshifter)
  5 hornets
  22 blink frogs
  9 dream sheep
  A raiju (shapeshifter) (Depths:3)
  A blink frog (shapeshifter) (Vaults:5)
  13 snapping turtles
  A slime creature (shapeshifter) (Vaults:5)
  2 air elementals (Elf:2)
  A centaur simulacrum (D:15)
  42 slime creatures
  34 jumping spiders
  A yak (shapeshifter) (Depths:3)
  A ynoxinul (Depths:4)
  2 shadows
  21 culicivoras
  15 water elementals
  2 humans (shapeshifter)
  5 spriggans
  2 wraiths
  6 wyverns
  2 fire elementals
  61 yaks
  3 humans (Elf:1)
  A steam dragon (shapeshifter) (Depths:3)
  2 steam dragons
  3 basilisks
  40 redbacks
  A redback (shapeshifter) (Depths:4)
  5 vampire mosquitoes
  A large abomination (D:3)
  6 wargs
  24 water moccasins
  3 hell hounds (Zot:4)
  A floating eye (shapeshifter) (Vaults:5)
  A sky beast (D:8)
  4 black bears
  An ice beast (D:6)
  37 orc warriors
  15 wolves
  An ogre (shapeshifter) (Depths:3)
  14 ogres
  18 centaurs
  5 kobold brigands
  Blork the orc (D:5)
  13 bullfrogs
  A bullfrog (shapeshifter) (Depths:3)
  3 earth elementals
  4 scorpions
  4 wights (D:9)
  A hornet simulacrum (D:15)
  12 killer bees
  3 howler monkeys (D:13)
  3 electric eels
  A jelly (Lair:4)
  A gnoll bouda (D:9)
  3 hounds
  21 orc priests
  4 iguanas
  Jessica (D:3)
  A boggart zombie (D:15)
  26 orc wizards
  Robin (D:2)
  4 gnolls
  A gnoll (shapeshifter) (Depths:3)
  8 adders
  A white imp (Gauntlet)
  An ufetubus (D:4)
  A worm (D:3)
  3 dart slugs
  85 orcs
  7 ball pythons
  7 bats
  8 endoplasms
  3 giant cockroaches
  13 goblins
  13 hobgoblins
  2 jackals (D:4)
  19 kobolds
  2 quokkas
  2 frilled lizards (D:1)
  2 rats
2127 creatures vanquished.

Vanquished Creatures (others)
  An ancient lich (Zot:4)
  A golden dragon (Zot:3)
  A lich (Zot:4)
  A quicksilver dragon (Zot:4)
  A draconian knight (Zot:3)
  A ghost moth (Spider:4)
  A stone giant (Depths:4)
  A white draconian (Zot:3)
  A red draconian (Zot:4)
  A satyr (Shoals:2)
  A deep elf knight (Elf:1)
  2 wizards
  A deep elf zephyrmancer (Elf:2)
  A manticore (Shoals:4)
  2 fauns (Shoals:2)
  Maurice (D:9)
  A tarantella (Spider:4)
  A fire bat (shapeshifter) (Vaults:5)
  3 centaurs (D:15)
  A howler monkey (D:14)
  2 orc wizards (Orc:1)
26 creatures vanquished.

Grand Total: 2153 creatures vanquished

Notes
Turn   | Place    | Note
-------+----------+-------------------------------------------
     0 | D:1      | motkurizz the Merfolk Shapeshifter began the quest for the
                  | Orb.
     0 | D:1      | Reached XP level 1. HP: 15/15 MP: 1/1
   236 | D:1      | Reached XP level 2. HP: 22/22 MP: 2/2
   759 | D:1      | Reached XP level 3. HP: 26/28 MP: 3/3
   819 | D:1      | Found a faded altar of an unknown god.
  1235 | D:2      | Reached skill level 1 in Short Blades
  1339 | D:2      | Reached XP level 4. HP: 32/34 MP: 4/4
  1670 | D:2      | Noticed Robin
  1679 | D:2      | Killed Robin
  1829 | D:3      | Reached XP level 5. HP: 35/41 MP: 5/5
  1993 | D:3      | Found Xittej's Weapon Boutique.
  2306 | D:3      | Noticed Jessica
  2314 | D:3      | Killed Jessica
  2315 | D:3      | Reached skill level 1 in Stealth
  2703 | D:4      | Reached XP level 6. HP: 47/47 MP: 6/6
  3025 | D:4      | Reached skill level 5 in Dodging
  3617 | D:4      | Reached XP level 7. HP: 55/55 MP: 7/7
  3700 | D:5      | Entered Level 5 of the Dungeon
  3704 | D:5      | Reached skill level 5 in Fighting
  3771 | D:5      | Noticed Blork the orc
  3787 | D:5      | Killed Blork the orc
  4482 | D:5      | Reached XP level 8. HP: 33/64 MP: 8/8
  4688 | D:5      | Reached skill level 5 in Unarmed Combat
  4769 | D:5      | Identified the +0 chain mail of Intuition {Int+2}
  5339 | D:6      | Found a staircase to the Ecumenical Temple.
  5344 | Temple   | Entered the Ecumenical Temple
  5355 | Temple   | Became a worshipper of Warmaster Okawaru
  5385 | D:6      | Found a hide-covered altar of Uskayaw.
  5470 | D:6      | Reached skill level 5 in Shapeshifting
  5525 | D:6      | Noticed Grinder
  5541 | D:6      | Killed Grinder
  5541 | D:6      | Reached * piety under Okawaru
  5613 | D:6      | Found Taure's Weapon Emporium.
  5773 | D:6      | Reached XP level 9. HP: 69/69 MP: 9/9
  6347 | D:7      | Found Gipaibai's Weapon Boutique.
  6541 | D:7      | Found Tustrav's Armour Shop.
  6578 | D:7      | Bought a +0 pair of gloves for 63 gold pieces
  6985 | D:7      | Found Quejesot's Book Shop.
  7069 | D:7      | Found Kashroc's Magic Scroll Emporium.
  7072 | D:7      | Bought a scroll of blinking for 75 gold pieces
  7072 | D:7      | Bought a scroll of noise for 10 gold pieces
  7072 | D:7      | Bought a scroll of identify for 20 gold pieces
  7072 | D:7      | Bought a scroll of identify for 20 gold pieces
  7072 | D:7      | Bought a scroll of identify for 20 gold pieces
  7364 | D:8      | Noticed a two-headed ogre
  7479 | D:8      | Killed a two-headed ogre
  7479 | D:8      | Reached ** piety under Okawaru
  7783 | D:8      | Reached XP level 10. HP: 76/80 MP: 10/10
  7905 | D:8      | Found a glowing golden altar of the Shining One.
  8244 | D:9      | Noticed a kobold demonologist
  8273 | D:9      | Killed a kobold demonologist
  8274 | D:9      | Reached skill level 1 in Invocations
  8311 | D:9      | Reached *** piety under Okawaru
  8318 | D:9      | Noticed a two-headed ogre
  8400 | D:9      | Found an ancient bone altar of Kikubaaqudgha.
  8418 | D:9      | Noticed Maurice
  8428 | D:9      | Killed Maurice
  8481 | D:9      | Found a broken altar of Ashenzari.
  8968 | D:9      | Killed a two-headed ogre
  8969 | D:9      | Reached skill level 10 in Dodging
  8969 | D:9      | Reached skill level 10 in Unarmed Combat
  9082 | D:9      | Noticed a kobold demonologist
  9083 | D:9      | Noticed a kobold demonologist
  9101 | D:9      | Killed a kobold demonologist
  9115 | D:9      | Killed a kobold demonologist
  9145 | D:9      | Reached **** piety under Okawaru
  9193 | D:9      | Found a burning altar of Makhleb.
  9193 | D:9      | Noticed a green death
  9266 | D:9      | Found a staircase to the Orcish Mines.
  9584 | D:10     | Entered Level 10 of the Dungeon
  9585 | D:10     | Found a radiant altar of Vehumet.
  9653 | D:10     | Reached XP level 11. HP: 75/89 MP: 12/14
  9793 | D:10     | Reached ***** piety under Okawaru
  9824 | D:10     | Found a staircase to the Lair.
 10242 | D:10     | Reached skill level 10 in Fighting
 10368 | D:10     | Found a sacrificial altar of Ru.
 10543 | D:10     | Found a stormy altar of Qazlal.
 10853 | Lair:1   | Entered Level 1 of the Lair of Beasts
 10868 | Lair:1   | Identified the ring "Gutuck" {Fire Will++}
 10974 | Lair:1   | Noticed Gastronok
 10980 | Lair:1   | Noticed Fannar
 11013 | Lair:1   | Received a gift from Okawaru
 11237 | D:11     | Noticed a two-headed ogre
 11363 | D:11     | Noticed a two-headed ogre
 11861 | D:11     | Noticed a boulder beetle
 11890 | D:11     | Killed a two-headed ogre
 11890 | D:11     | Identified the +3 fire dragon scales of the Stained God
                  | {rF++ rC- Str+3 Dex+4} (Okawaru gifted it to you on level
                  | 11 of the Dungeon)
 11890 | D:11     | Received a gift from Okawaru
 11891 | D:11     | Reached XP level 12. HP: 72/99 MP: 11/15
 11900 | D:11     | Killed a boulder beetle
 12557 | D:11     | Killed a two-headed ogre
 12947 | Lair:1   | Noticed Maggie
 12952 | Lair:1   | Maggie changed into Maggie the hound
 12952 | Lair:1   | Noticed Maggie
 12955 | Lair:1   | Killed Maggie the hound
 13042 | Lair:1   | Noticed Joseph
 13060 | Lair:1   | Killed Joseph
 13418 | Lair:1   | Reached skill level 10 in Shapeshifting
 13867 | Lair:2   | Received a gift from Okawaru
 13968 | Lair:2   | Noticed a seven-headed hydra
 14016 | Lair:1   | Killed Fannar
 14017 | Lair:1   | Reached XP level 13. HP: 72/108 MP: 8/16
 15328 | Lair:3   | Found a hole to the Spider Nest.
 15405 | Lair:3   | Received a gift from Okawaru
 15415 | Lair:3   | Reached skill level 5 in Invocations
 16005 | Lair:3   | Received a gift from Okawaru
 16158 | Lair:3   | Found a staircase to the Shoals.
 16263 | Lair:3   | Reached XP level 14. HP: 118/118 MP: 13/19
 17421 | Lair:4   | Received a gift from Okawaru
 17512 | Lair:4   | Found a viscous altar of Jiyva.
 17514 | Lair:4   | Found a staircase to the Slime Pits.
 17662 | Lair:4   | Reached skill level 15 in Dodging
 18236 | Lair:5   | Entered Level 5 of the Lair of Beasts
 19112 | Lair:5   | Received a gift from Okawaru
 19797 | Lair:5   | Reached XP level 15. HP: 60/125 MP: 12/22
 20020 | Lair:5   | Reached skill level 10 in Invocations
 20031 | Lair:5   | Identified the staff "Gahideor" {Contam Fly rF++ rC+ Str-2
                  | Ice}
 20345 | Lair:1   | Reached ****** piety under Okawaru
 20360 | Lair:1   | Identified the +1 robe of Happiness {Regen+ Dex+3} (Okawaru
                  | gifted it to you on level 1 of the Lair of Beasts)
 20360 | Lair:1   | Received a gift from Okawaru
 20582 | Lair:1   | Killed Gastronok
 20789 | Orc:1    | Entered Level 1 of the Orcish Mines
 20931 | Orc:1    | Noticed an orc warlord
 21089 | Orc:1    | Killed an orc warlord
 21762 | Orc:2    | Entered Level 2 of the Orcish Mines
 21915 | Orc:1    | Found a shimmering blue altar of Sif Muna.
 21935 | Orc:1    | Got Sif Muna's Spellbook of Infection
 22269 | Orc:2    | Found a staircase to the Elven Halls.
 22566 | Orc:2    | Found Suicuf's Book Shop.
 22930 | Orc:2    | Reached skill level 15 in Unarmed Combat
 22932 | Orc:2    | Found Bolank's Magic Scroll Shoppe.
 22939 | Orc:2    | Found Coidem's General Store.
 22949 | Orc:2    | Bought a scroll of identify for 36 gold pieces
 22949 | Orc:2    | Bought a scroll of identify for 36 gold pieces
 22953 | Orc:2    | Found Yzin's Antique Armour Shop.
 22959 | Orc:2    | Bought a scroll of fear for 44 gold pieces
 22962 | Orc:2    | Bought a glowing kite shield for 210 gold pieces
 22969 | Orc:2    | Bought a potion of curing for 33 gold pieces
 22971 | Orc:2    | Bought a smoking robe for 159 gold pieces
 22971 | Orc:2    | Identified the +0 robe of Fehihull {rC++ Int+3} (You bought
                  | it in a shop on level 2 of the Orcish Mines)
 23650 | D:12     | Reached skill level 1 in Shields
 24002 | D:12     | Noticed Frances
 24017 | D:12     | Killed Frances
 24017 | D:12     | Received a gift from Okawaru
 25027 | D:13     | Reached skill level 5 in Shields
 25386 | D:13     | Found a gate to the Vaults.
 25560 | D:14     | Found Tegun's Antique Armour Boutique.
 25613 | D:14     | Found a gate leading to a gauntlet.
 25627 | Gauntlet | Entered a Gauntlet
 25627 | Gauntlet | Found a transporter.
 25627 | Gauntlet | Found a transporter.
 25650 | Gauntlet | Found a transporter.
 25666 | Gauntlet | Found a transporter.
 25666 | Gauntlet | Found a transporter.
 25668 | Gauntlet | Found a transporter.
 25671 | Gauntlet | Found a transporter.
 25671 | Gauntlet | Found a transporter.
 25688 | Gauntlet | Found a transporter.
 25704 | Gauntlet | Found a transporter.
 25708 | Gauntlet | Found a runed translucent door.
 25715 | Gauntlet | Found a transporter.
 25730 | Gauntlet | Found a transporter.
 25755 | Gauntlet | Found a transporter.
 25770 | Gauntlet | Found a transporter.
 25948 | Gauntlet | Identified the amulet "Teroj" {RegenMP Will+ Int+4}
 26153 | Gauntlet | Identified the +1 arbalest of Resumed Hostilities {drain,
                  | Int+7 SInv}
 26155 | Gauntlet | Identified the +2 pair of boots of Mezcal {Fly rPois rF-
                  | Int+7}
 26190 | Gauntlet | Found the +4 Cigotuvi's embrace {Corpsefed rMiasma Drain
                  | rN+}
 26205 | Gauntlet | Got the Dissertation on Turbulent Immolation
 26215 | Gauntlet | Got the Octavo of Correspondence
 26707 | D:14     | Reached XP level 16. HP: 78/134 MP: 23/23
 27437 | D:15     | Entered Level 15 of the Dungeon
 27644 | D:15     | Identified the ring "Wah Asao" {rC+ Will+}
 27878 | D:15     | Reached skill level 10 in Shields
 27886 | D:15     | Found a staircase to the Depths.
 28240 | D:15     | Found a shimmering altar of Xom.
 28460 | D:15     | Identified the +0 ring mail of the Archfiend {rC+ Dex+4}
                  | (Okawaru gifted it to you on level 15 of the Dungeon)
 28460 | D:15     | Received a gift from Okawaru
 28898 | Spider:1 | Entered Level 1 of the Spider Nest
 29110 | Spider:1 | Noticed Donald
 29142 | Spider:1 | Killed Donald
 29288 | Spider:1 | Reached skill level 1 in Evocations
 29308 | Spider:1 | Identified the -2 helmet of the Yeti {Str+2}
 29705 | Spider:2 | Reached skill level 15 in Fighting
 29810 | Spider:2 | Reached skill level 1 in Armour
 29976 | Shoals:1 | Entered Level 1 of the Shoals
 30383 | Shoals:1 | You fall into a shaft and drop 1 floor!
 30586 | Shoals:1 | Noticed Louise
 30620 | Shoals:1 | Killed Louise
 30626 | Shoals:1 | Noticed Mlioglotl
 30644 | Shoals:1 | Noticed a bone dragon
 30651 | Shoals:1 | Killed Mlioglotl
 30825 | Shoals:1 | Reached XP level 17. HP: 135/142 MP: 24/24
 31873 | Shoals:2 | Identified the +0 hat of Fun and Games {rElec Str+4}
                  | (Okawaru gifted it to you on level 2 of the Shoals)
 31873 | Shoals:2 | Received a gift from Okawaru
 32341 | Shoals:2 | Found Ygicetun's Antique Weapon Emporium.
 32717 | Shoals:2 | Noticed Polyphemus
 32758 | Shoals:2 | Killed Polyphemus
 34213 | Shoals:4 | Entered Level 4 of the Shoals
 35624 | Spider:2 | Reached skill level 5 in Evocations
 35923 | Spider:2 | Upgraded the game from 0.31-a0-564-g3b7de120b3 to
                  | 0.31-a0-574-g69dc8cc98e
 36918 | Spider:2 | Reached XP level 18. HP: 100/151 MP: 26/26
 37044 | Spider:3 | Identified the +0 chain mail of Forking Paths {Stlth+}
                  | (Okawaru gifted it to you on level 3 of the Spider Nest)
 37044 | Spider:3 | Received a gift from Okawaru
 38105 | Spider:4 | Entered Level 4 of the Spider Nest
 39923 | Spider:4 | Got a gossamer rune of Zot
 40405 | Vaults:1 | Entered Level 1 of the Vaults
 40423 | Vaults:1 | Reached skill level 5 in Armour
 40436 | Vaults:1 | Identified the +5 dagger of Responsibility {freeze, Will+}
                  | (Okawaru gifted it to you on level 1 of the Vaults)
 40436 | Vaults:1 | Received a gift from Okawaru
 40481 | Vaults:1 | Identified the +1 robe "Elawned" {Contam Rampage Int+3}
 40916 | Elf:1    | Entered Level 1 of the Elven Halls
 40954 | Elf:1    | Found Fifeg's Magic Scroll Boutique.
 40969 | Elf:1    | Found a flickering gateway to a bazaar.
 41011 | Bazaar   | Entered a bazaar
 41011 | Bazaar   | Found Zaceipp's Book Boutique.
 41011 | Bazaar   | Found Ecerch's Book Boutique.
 41033 | Bazaar   | Found Ongaunt's Distillery.
 41082 | Bazaar   | Found Ozuyr's Antique Weapon Shop.
 41133 | Bazaar   | Bought a manual of Shields for 880 gold pieces
 41143 | Bazaar   | Bought a manual of Shapeshifting for 1200 gold pieces
 41160 | Bazaar   | Bought a potion of haste for 130 gold pieces
 41160 | Bazaar   | Bought 2 potions of heal wounds for 130 gold pieces
 41160 | Bazaar   | Bought a potion of heal wounds for 65 gold pieces
 41429 | Elf:1    | Reached XP level 19. HP: 150/159 MP: 28/28
 41435 | Elf:1    | Found Rybeis's One-of-a-Kind Books.
 41541 | Elf:1    | Received a gift from Okawaru
 42219 | Elf:2    | Reached skill level 15 in Shapeshifting
 42542 | Elf:2    | Found a huge runed translucent gate.
 42542 | Elf:2    | Found a huge runed translucent gate.
 42543 | Elf:2    | Found a huge runed translucent gate.
 42544 | Elf:2    | Found a huge runed translucent gate.
 42558 | Elf:2    | Found a huge runed translucent gate.
 42898 | Elf:3    | Entered Level 3 of the Elven Halls
 42934 | Elf:3    | Identified the +3 buckler "Zopaer" {rC+} (Okawaru gifted it
                  | to you on level 3 of the Elven Halls)
 42934 | Elf:3    | Received a gift from Okawaru
 43040 | Elf:3    | Found Welaniu's Overcharged Wands.
 43101 | Elf:3    | Found the +9 staff of Olgreb {rPois∞}
 43470 | Elf:2    | Reached skill level 15 in Shields
 44866 | Shoals:4 | Noticed Aizul
 44877 | Shoals:4 | Killed Aizul
 45278 | Shoals:4 | Got Sif Muna's Parchment of Snow-white Effluvium
 45599 | Shoals:4 | Reached XP level 20. HP: 129/168 MP: 29/29
 45685 | Shoals:4 | Identified the ring "Sament" {*Corrode rN+ Dex+6 Slay+5}
 45689 | Shoals:4 | Got a barnacled rune of Zot
 46400 | Orc:2    | Bought a scroll of enchant armour for 135 gold pieces
 46400 | Orc:2    | Bought a scroll of enchant armour for 135 gold pieces
 46859 | Vaults:1 | Received a gift from Okawaru
 48112 | Vaults:2 | Reached skill level 5 in Short Blades
 48122 | Vaults:2 | Received a gift from Okawaru
 48340 | Vaults:2 | Found a staircase to the Crypt.
 48474 | Vaults:2 | Received a gift from Okawaru
 48593 | Vaults:2 | Identified the +8 great sword "Biadoag" {distort, rCorr}
 49235 | Vaults:2 | Identified a scroll of acquirement
 49238 | Vaults:2 | Acquired 923 gold pieces
 49434 | Vaults:2 | Reached skill level 10 in Short Blades
 49721 | Vaults:2 | Reached XP level 21. HP: 184/184 MP: 30/30
 50085 | Vaults:2 | Identified the +2 robe "Waf Hiel" {Str-3 Dex+5 SInv}
                  | (Okawaru gifted it to you on level 2 of the Vaults)
 50085 | Vaults:2 | Received a gift from Okawaru
 51061 | Vaults:3 | Identified the scarf of Gun Vaph {repulsion, Rampage rElec}
                  | (Okawaru gifted it to you on level 3 of the Vaults)
 51061 | Vaults:3 | Received a gift from Okawaru
 52049 | Vaults:4 | Reached skill level 5 in Stealth
 52251 | Vaults:4 | Reached XP level 22. HP: 194/194 MP: 31/31
 53403 | Elf:3    | Received a gift from Okawaru
 54119 | Elf:3    | Got the Disquisition on Baleful Orientation
 54154 | Elf:3    | Got the Incunabulum of Orientation and Debased Rites
 54612 | Depths:1 | Entered Level 1 of the Depths
 54637 | Depths:1 | Found a runed translucent door.
 55203 | Depths:1 | Found a gateway to Hell.
 55279 | Depths:1 | Identified the +2 pair of gloves of Resilience {rF+ SInv}
                  | (Okawaru gifted it to you on level 1 of the Depths)
 55279 | Depths:1 | Received a gift from Okawaru
 55795 | Depths:2 | Found a one-way gate to the infinite horrors of the Abyss.
 56079 | Depths:2 | Identified the +0 helmet of Demons {-Cast Harm Will++
                  | Str+3}
 56093 | Depths:2 | Reached XP level 23. HP: 202/202 MP: 32/32
 56141 | Depths:2 | Found a one-way gate leading to the halls of Pandemonium.
 56576 | Depths:2 | Found a portal to a secret trove of treasure.
 56655 | Depths:2 | You paid a toll of 16 potions of curing to enter a treasure
                  | trove
 56656 | Trove    | Entered a treasure trove
 56660 | Trove    | Identified the ring "Limu" {rElec rC+++ Dex+6 Stlth-}
 56664 | Trove    | Identified the ring of Fyisuo Ytze {rPois rN+ Dex+6}
 56674 | Trove    | Identified the ring "Zisiolyk" {Ice Int+3 Dex+3}
 56676 | Trove    | Identified the ring "Kisti" {Fire rElec rN+ Int-5 Dex+2}
 56680 | Trove    | Identified the ring of the Hero {*Slow Fly rN+++ AC+4}
 56681 | Trove    | Identified the ring "Kiakkus" {rC+ Dex+2}
 56683 | Trove    | Identified the ring of Lius {rF+ rN+ Str+7 Int-4 Dex+3}
 56872 | Depths:3 | Found a runed translucent gate.
 56872 | Depths:3 | Found a runed translucent gate.
 56872 | Depths:3 | Found a runed translucent gate.
 56885 | Depths:3 | Found the +8 longbow "Zephyr" {speed, Dex+3 SInv}
 56904 | Depths:3 | Identified the +5 mace of the Uplifting Owl {spect, rCorr}
 57089 | Depths:3 | Received a gift from Okawaru
 57122 | Depths:3 | Identified the ring "Buevast" {rPois rF- rN+ Str+3 Int+4}
 57129 | Depths:3 | Found the +8 orange crystal plate armour {Archmagi, Int+3
                  | Clar}
 57130 | Depths:3 | Identified the +1 halberd "Zuguph" {venom, rC+ Dex+3}
 57142 | Depths:3 | Identified the +9 plate armour of the Griffon {Int-4 Dex+3
                  | Slay+6}
 57445 | Depths:3 | Found a one-way gateway to a ziggurat.
 58218 | Depths:3 | Found a runed translucent gate.
 58218 | Depths:3 | Found a runed translucent gate.
 58223 | Depths:3 | Noticed Wimmiopn's ghost (adept MfGl)
 58225 | Depths:3 | Found a runed translucent gate.
 58276 | Depths:3 | Paralysed by a floating eye for 3 turns
 58281 | Depths:3 | Killed Wimmiopn's ghost
 58347 | Depths:3 | Identified the +4 cloak of the Farrier {Will+ Dex+3}
 58504 | Depths:4 | Entered Level 4 of the Depths
 58600 | Depths:4 | Found a gate to the Realm of Zot.
 59137 | Depths:4 | Found an iron altar of Okawaru.
 59142 | Depths:4 | Noticed Grunn
 59163 | Depths:4 | Killed Grunn
 59322 | Depths:4 | Noticed the Enchantress
 59364 | Depths:4 | Killed the Enchantress
 59364 | Depths:4 | Identified the +0 helmet of Istiv {Stlth+} (Okawaru gifted
                  | it to you on level 4 of the Depths)
 59364 | Depths:4 | Received a gift from Okawaru
 59541 | Depths:4 | Reached XP level 24. HP: 179/210 MP: 20/32
 60085 | Vaults:5 | Entered Level 5 of the Vaults
 60116 | Vaults:5 | Reached skill level 1 in Spellcasting
 60319 | Vaults:5 | Identified the ring of Xykh {rPois rF+ Int-3 SInv}
 60389 | Vaults:5 | Reached skill level 10 in Armour
 60537 | Vaults:5 | Identified the +1 ring mail of Hedwuy {rPois rC+ Str+3}
 60538 | Vaults:5 | Noticed Saint Roka
 60561 | Vaults:5 | Killed Saint Roka
 60578 | Vaults:5 | Received a gift from Okawaru
 60578 | Vaults:5 | Found the +10 morningstar "Eos" {elec, Halo rElec}
 60789 | Vaults:5 | Reached skill level 5 in Spellcasting
 60894 | Vaults:5 | Got a silver rune of Zot
 60946 | Vaults:5 | Got the Papyrus of Glowing Ill Luck
 61063 | Vaults:5 | Identified the staff "Jownoasa" {+Blink Earth}
 61074 | Vaults:5 | Noticed an ancient lich
 61076 | Vaults:5 | Killed an ancient lich
 61084 | Vaults:5 | Reached skill level 15 in Short Blades
 61311 | Vaults:5 | Found the +8 Vampire's Tooth {megavamp}
 61329 | Vaults:5 | Received a gift from Okawaru
 61376 | Vaults:5 | Identified the +5 war axe of the Sufficient God {protect,
                  | rElec rCorr Int-5 Stlth-}
 61507 | Vaults:5 | Reached XP level 25. HP: 217/217 MP: 32/32
 62481 | Elf:1    | Bought a scroll of torment for 114 gold pieces
 62481 | Elf:1    | Bought a scroll of silence for 114 gold pieces
 62812 | Zot:1    | Entered Level 1 of the Realm of Zot
 64545 | Zot:2    | Identified the +1 dagger of the Witching Salmon {spect,
                  | Fragile rC+++ MP-9 Int+6} (Okawaru gifted it to you on
                  | level 2 of the Realm of Zot)
 64545 | Zot:2    | Received a gift from Okawaru
 64785 | Zot:2    | Noticed an ancient lich
 64820 | Zot:2    | Killed an ancient lich
 64848 | Zot:2    | Found a stormy altar of Qazlal.
 65287 | Zot:2    | Found a transporter.
 65600 | Zot:2    | Found a transporter.
 65804 | Zot:3    | Received a gift from Okawaru
 66669 | Zot:3    | Reached XP level 26. HP: 224/224 MP: 35/35
 66822 | Zot:4    | Noticed an ancient lich
 66864 | Zot:4    | Killed an ancient lich
 66926 | Zot:4    | Noticed an ancient lich
 66941 | Zot:4    | Killed an ancient lich
 66998 | Zot:4    | Noticed an ancient lich
 67006 | Zot:4    | Identified the +1 kite shield of Okawaru's Castigation
                  | {Harm rElec Str-4} (Okawaru gifted it to you on level 4 of
                  | the Realm of Zot)
 67006 | Zot:4    | Received a gift from Okawaru
 67026 | Zot:4    | Killed an ancient lich
 67254 | Zot:4    | Reached skill level 15 in Invocations
 67915 | Zot:5    | Entered Level 5 of the Realm of Zot
 68375 | Zot:5    | Received a gift from Okawaru
 68712 | Zot:5    | Noticed an orb of fire
 68715 | Zot:5    | Noticed a dread lich
 68721 | Zot:5    | Noticed an orb of fire
 68725 | Zot:5    | Noticed a Killer Klown
 68728 | Zot:5    | Noticed a Killer Klown
 68732 | Zot:5    | Killed an orb of fire
 68733 | Zot:5    | Noticed a Killer Klown
 68742 | Zot:5    | Killed a dread lich
 68773 | Zot:5    | Killed a Killer Klown
 68787 | Zot:5    | Killed a Killer Klown
 68788 | Zot:5    | Reached XP level 27. HP: 213/231 MP: 35/35
 68812 | Zot:5    | Noticed a dread lich
 68816 | Zot:5    | Killed an orb of fire
 68841 | Zot:5    | Killed a dread lich
 68873 | Zot:5    | Identified the +3 scale mail of Whack-A-Mole {rF+ rC-
                  | Will+} (Okawaru gifted it to you on level 5 of the Realm of
                  | Zot)
 68873 | Zot:5    | Received a gift from Okawaru
 69034 | Zot:5    | Reached skill level 15 in Armour
 69510 | Zot:5    | Got the Orb of Zot
 70145 | D:6      | Noticed Netu the pandemonium lord
 70340 | D:$      | Escaped with the Orb!

Illustrated notes

Levels and vault maps discovered:
D:1:      saegor_arrival_simple_d, layout_basic,
          dreamdust_ecumenical_altar_grove, minmay_misc_feat_roman
D:2:      layout_loops_ring, uniq_robin
D:3:      layout_rooms, serial_shops, shop, roderic_serpentine_path,
          grunt_ministairs_5, uniq_jessica
D:4:      layout_loops_corners
D:5:      layout_basic, uniq_blork_the_orc
D:6:      layout_loops_ring, mainiacjoe_overflow_tiny_flanked,
          minmay_temple_entry_offerings, serial_shops, shop, grunt_ministairs_3,
          roderic_filled_cross, uniq_grinder
D:7:      layout_basic, serial_shops, shop, nicolae_shop_rolled_up,
          nicolae_shop_crystal, shop, serial_park_tiny_pond, hex_medium
D:8:      layout_basic, nicolae_tso_swordbearing_angel
D:9:      layout_long_grid, makhleb_altar_promises_db, amcnicky_altar_gilded,
          kiku_gazebo_garden_becter, david_orc_5, uniq_maurice
D:10:     layout_long_grid, mainiacjoe_overflow_boulevard, grunt_qazlal_clouds,
          overflow_temple_1_default, minmay_lair_entry_grove
D:11:     layout_loops_ring
D:12:     layout_grid_maze, uniq_frances
D:13:     layout_loops_ring, hellmonk_vaults_attempted_burglary
D:14:     layout_roguey, serial_shops, shop_coins, palyth_stone_intersect,
          serial_glass, glass_columns_a, glass_columns_b, glass_columns_b,
          glass_columns_c, glass_columns_b, glass_columns_b,
          gauntlet_entry_generic
D:15:     grunt_enter_depths_magical_seal, layout_cave_pools,
          hangedman_abyss_or_decor_lesser_grid, chequers_decorated_corner,
          hangedman_abyss_or_decor_stagger, tgw_xom
Temple:   eino_temple_lava
Lair:1:   layout_chaotic_city, chequers_serial_rivers_large_b, uniq_maggie,
          uniq_fannar, uniq_gastronok, uniq_joseph
Lair:2:   layout_concentric_octagons
Lair:3:   layout_misc_corridors, minmay_shoals_entry_hut,
          nicolae_spider_entry_tight_spaces, serial_bayou_shore_b
Lair:4:   layout_regular_city, minmay_slime_entry_pillars, serial_bayou_pond_d,
          lemuel_fruit_tree, grunt_megastairs_2
Lair:5:   evilmike_catoblepas_cave, layout_regular_city, evilmike_ambush
          [evilmike_ambush_outer_pillars, evilmike_ambush_inner_pond]
Shoals:1: layout_shoals, nicolae_shoals_water_shrine, uniq_mlioglotl,
          uniq_louise
Shoals:2: layout_shoals, serial_shops, nicolae_lakefront_shop, uniq_polyphemus
Shoals:3: layout_shoals
Shoals:4: shoals_end_hellmonk_lost_city, uniq_aizul
Spider:1: layout_spider_delve, uniq_donald
Spider:2: layout_chambers, hellmonk_spider_spawner
Spider:3: layout_spider_delve
Spider:4: grunt_spider_rune_parallel, nicolae_spider_solar_radiation
Orc:1:    orc_temple, layout_caves, led_sif_book
Orc:2:    st_orc_elflike, layout_caves
Elf:1:    eino_elf_arrival_shootout, layout_loops_ring, serial_shops,
          bzr_entry_customers, shop, hangedman_elf_represent, drop_trap,
          nicolae_rare_books
Elf:2:    elven_hall_of_blades_hangedman_alternative
          [nicolae_blade_entry_crossed_weapons], layout_loops_cross
Elf:3:    minmay_elf_hall_not_hex, layout_loops_ring,
          nicolae_shop_overcharged_wands
Vaults:1: nicolae_vaults_shipping_containers_5, hangedman_vaults_locks,
          hangedman_vaults_corner_blocks, v_pattern_5,
          nicolae_vaults_network_star, ontoclasm_vaults_idyll, v_misc_28,
          nicolae_vaults_trapezoid_2, nicolae_vaults_diagonal_hallway_7,
          vaults_room_octagon, hangedman_vaults_variations,
          nicolae_vaults_shrinking_rooms_1, layout_vaults_omnibox
Vaults:2: nicolae_vaults_tetromino_L_2, v_rooms_1, v_rooms_3,
          nicolae_vaults_house_1, nicolae_vaults_angled_halls,
          hangedman_vaults_snaps, nicolae_vaults_network_periphery,
          nicolae_vaults_stairing_the_circle, nicolae_vaults_sesquioval_fish,
          minmay_crypt_entry_simple_box, layout_vaults_omnigrid
Vaults:3: st_greater_box_2, nicolae_vaults_angled_halls, vaults_room_door_hall,
          vaults_room_fours, hangedman_vaults_cutoff, v_misc_19,
          dpeg_vaults_monster_box, ontoclasm_vaults_misaligned,
          nicolae_vaults_triangles, nicolae_vaults_door_testing_chamber,
          layout_vaults_maze
Vaults:4: v_misc_14, nicolae_vaults_steering_wheel, v_misc_26,
          nicolae_vaults_spaceships, nicolae_vaults_little_squares_3,
          nicolae_vaults_stand_back, nicolae_vaults_little_squares_4,
          v_pattern_4, v_rooms_5, nicolae_vaults_diamond_1,
          vaults_room_semicircle, nicolae_vaults_house_3, v_misc_11,
          ontoclasm_vaults_pinch, layout_vaults_ring
Vaults:5: uniq_saint_roka
Depths:1: layout_cave_shapes, nicolae_sextant, hell_entry, minmay_acid_items
Depths:2: hellmonk_ruined_rings, layout_long_grid, nicolae_trove_entry_columns,
          corexii_corridor_pit, hell_entry, grunt_pan_entry_zigzag, abyss_entry
Depths:3: minmay_the_grid_4x2 [minmay_the_grid_minigrid_medium,
          minmay_the_grid_medium_cups, minmay_the_grid_eight,
          minmay_the_grid_fan, minmay_the_grid_dragon_a,
          minmay_the_grid_outer_circle, minmay_the_grid_plusring,
          minmay_the_grid_prize_trominoes], layout_cave_pools, enter_ziggurat_d,
          kennysheep_nub, abyss_entry,
          ploomutoo_gammafunk_ghost_potion_laboratory, hell_entry,
          minmay_staircase_bubble
Depths:4: evilmike_zot_entry_round, layout_cave_shapes, rand_demon_pan_entry_1,
          okawaru_ov_weapons_minmay, pf_hell_entry_great_geh,
          grunt_decor_one_mirror, grunt_ministairs_10, minivault_14,
          st_stairs_3, drop_trap, uniq_grunn, uniq_enchantress
Zot:1:    layout_twisted_circle
Zot:2:    regret_index_qazlal_generations, layout_gridlike, nicolae_diode_stairs
Zot:3:    layout_gridlike
Zot:4:    hellmonk_crystal_mountain, layout_misc_corridors
Zot:5:    layout_twisted_circle

Skill      XL: |  1  2  3  4  5  6  7  8  9 10 11 12 13 14 15 16 17 18 19 20 21 22 23 24 25 26 27 |
---------------+----------------------------------------------------------------------------------+-----
Dodging        | 3 4 5 7 9 11 12 13 14 15 16 17 18 19 21 22 | 22.0
Fighting       | 2 3 4 6 7 9 10 12 13 14 15 16 17 20 21 22 | 22.0
Short Blades   | 1 3 4 10 14 15 16 18 19 | 19.4
Stealth        | 1 2 5 8 |  8.6
Unarmed Combat | 4 7 9 10 11 12 13 14 15 16 17 | 17.0
Shapeshifting  | 6 8 10 12 13 14 17 18 21 | 21.0
Invocations    | 4 6 9 10 11 12 13 14 15 | 15.0
Shields        | 7 10 12 17 18 19 20 21 | 21.9
Evocations     | 2 5 |  5.0
Armour         | 2 3 5 6 9 10 12 14 15 | 15.7
Spellcasting   | 6 8 |  8.0

Action                     |  1- 3 |  4- 6 |  7- 9 | 10-12 | 13-15 | 16-18 | 19-21 | 22-24 | 25-27 || total
---------------------------+-------+-------+-------+-------+-------+-------+-------+-------+-------++-------
  Melee: Unarmed           |    78 |       |   101 |   581 |  1154 |  1820 |  1044 |       |       ||  4778
         Punch             |     3 |     4 |     6 |     8 |       |       |       |       |       ||    21
         Short sword       |    18 |   166 |   183 |       |       |       |       |       |       ||   367
         Rapier            |       |       |    13 |    47 |       |       |       |       |       ||    60
         Constrict         |       |       |       |    33 |   197 |       |       |       |       ||   230
         Maw               |       |       |       |       |    62 |   560 |   890 |   435 |       ||  1947
         Tailslap          |       |       |       |       |       |    73 |    10 |    13 |       ||    96
         Quick blade       |       |       |       |       |       |       |   846 |  2900 |  3625 ||  7371
   Fire: Sling             |       |    75 |       |       |       |       |       |       |       ||    75
         Orcbow            |       |       |    16 |       |       |       |       |       |       ||    16
  Throw: Dart              |       |       |    30 |    21 |       |    14 |     2 |     8 |       ||    75
 Invoke: Heroism           |       |       |       |     2 |    12 |    16 |     9 |    11 |     8 ||    58
         Finesse           |       |       |       |     1 |     2 |     2 |       |     1 |     4 ||    10
Ability: Begin Untransform |       |     1 |       |     5 |     4 |     2 |       |       |       ||    12
         Siphon Essence    |       |       |       |       |       |       |       |     7 |     9 ||    16
  Evoke: Wand              |       |     1 |    21 |    20 |     1 |    21 |     9 |    20 |     1 ||    94
         Phial of floods   |       |       |       |       |     1 |     2 |     1 |     1 |       ||     5
         Tin of tremorston |       |       |       |       |       |       |       |     2 |     4 ||     6
    Use: Scroll            |     3 |     2 |     6 |     4 |    14 |    12 |    12 |    13 |    13 ||    79
         Potion            |       |       |     1 |     1 |       |     5 |       |       |       ||     7
   Stab: Sleeping          |     2 |     1 |     2 |       |     7 |    10 |     9 |    25 |    22 ||    78
         Distracted        |       |       |       |     1 |     1 |     3 |     9 |     8 |     4 ||    26
         Petrified         |       |       |       |       |       |     5 |       |       |       ||     5
         Paralysed         |       |       |       |       |       |     3 |       |     4 |       ||     7
         Confused          |       |       |       |       |       |       |       |       |     1 ||     1
 Armour: Animal skin       |    10 |       |       |       |       |       |       |       |       ||    10
         Robe              |       |    26 |    89 |    97 |       |       |       |       |       ||   212
         Skin              |       |       |     8 |    17 |   146 |   163 |    39 |     4 |       ||   377
         Leather armour    |       |       |       |       |       |    12 |       |       |       ||    12
         Fire dragon scale |       |       |       |       |       |       |       |    54 |    20 ||    74
         Acid dragon scale |       |       |       |       |       |       |       |    38 |    71 ||   109
  Dodge: Dodged            |    51 |    91 |   202 |   539 |   902 |  1633 |   797 |   645 |   682 ||  5542
         Repelled          |       |       |       |     2 |     1 |    12 |    16 |     8 |    36 ||    75
  Block: Buckler           |       |       |       |     1 |       |       |       |       |       ||     1
         Kite shield       |       |       |       |       |    71 |  1255 |   905 |   947 |    36 ||  3214
         Reflection        |       |       |       |       |       |    31 |    66 |    18 |       ||   115
         Tower shield      |       |       |       |       |       |       |       |       |  1455 ||  1455
   Form: Flux              |       |       |     2 |     4 |     1 |       |       |       |       ||     7
                           |       |       |     1 |       |       |       |       |       |       ||     1
         Anaconda          |       |       |       |     1 |     2 |       |       |       |       ||     3
         Maw               |       |       |       |       |     2 |     2 |       |       |       ||     4
         Statue            |       |       |       |       |       |       |       |     1 |       ||     1
         Death             |       |       |       |       |       |       |       |     1 |       ||     1

Table legend: (Time is in decaauts)
 A = Elapsed time spent in this place.
 B = Non-inter-level travel time spent in this place.
 C = Inter-level travel time spent in this place.
 D = Time resting spent in this place.
 E = Time spent auto-exploring this place.
 F = Levels seen in this place.
 G = Mean time per level.
                   A        B        C        D        E       F      G
               +--------+--------+--------+--------+--------+-----+--------+
         Total |  66849 |  59725 |   7124 |   5258 |  36984 |  51 | 1310.8 |
       Dungeon |  19773 |  16425 |   3348 |    846 |  10852 |  15 | 1318.2 |
        Temple |     20 |     11 |      9 |      0 |      0 |   1 |   20.0 |
          Lair |   8154 |   7566 |    588 |   1094 |   4589 |   5 | 1630.8 |
        Shoals |   4999 |   4818 |    181 |    505 |   3001 |   4 | 1249.8 |
   Spider Nest |   6771 |   6240 |    531 |   1340 |   3076 |   4 | 1692.8 |
  Orcish Mines |   2606 |   2225 |    381 |     57 |   1389 |   2 | 1303.0 |
   Elven Halls |   4490 |   4056 |    434 |    639 |   2096 |   3 | 1496.7 |
        Vaults |   8383 |   7657 |    726 |    221 |   5353 |   5 | 1676.6 |
        Depths |   5295 |   4603 |    692 |    192 |   3178 |   4 | 1323.8 |
           Zot |   5421 |   5191 |    230 |    362 |   3312 |   5 | 1084.2 |
        Bazaar |    155 |    155 |      0 |      0 |     83 |   1 |  155.0 |
         Trove |     43 |     43 |      0 |      0 |     10 |   1 |   43.0 |
      Gauntlet |    731 |    731 |      0 |      0 |     40 |   1 |  731.0 |
               +--------+--------+--------+--------+--------+-----+--------+

Top non-repeatable levels by time:
Spider:2: 3002 daAuts
Vaults:2: 2440 daAuts
    D:10: 2183 daAuts
   Elf:2: 2096 daAuts
     D:9: 2007 daAuts
Spider:4: 1927 daAuts
  Lair:5: 1865 daAuts
  Lair:3: 1839 daAuts
Vaults:5: 1783 daAuts
    D:12: 1722 daAuts
  Lair:1: 1689 daAuts
Shoals:1: 1620 daAuts
Depths:3: 1545 daAuts
     D:5: 1541 daAuts
    D:13: 1499 daAuts
